 Dungeon Crawl Stone Soup version 0.28-a0-664-gc179e30c89 (webtiles) character file.

Game seed: 1283126988849543978

55 zazu2006 the Magician (level 3, -1/28 HPs)
             Began as a Naga Hedge Wizard on Oct 15, 2021.
             Slain by a gnoll (3 damage)
             ... on level 2 of the Dungeon.
             The game lasted 00:03:05 (1681 turns).

zazu2006 the Magician (Naga Hedge Wizard)           Turns: 1681, Time: 00:03:06

Health: -1/28      AC:  2    Str: 12    XL:     3   Next: 93%
Magic:  2/8        EV:  9    Int: 15    God:
Gold:   34         SH:  0    Dex:  8    Spells: 1/10 levels left

rFire   . . .      SeeInvis +   a - +0 dagger
rCold   . . .      Faith    .   (no shield)
rNeg    . . .      Spirit   .   b - +0 robe
rPois   +          Reflect  .   c - +0 hat
rElec   .          Harm     .   (no cloak)
rCorr   .          Rampage  .   (no gloves)
Will    .....                   (no barding)
Stlth   ++........              (no amulet)
HPRegen 0.09/turn               (no ring)
MPRegen 0.11/turn               (no ring)

@: very slightly contaminated, very slow
A: AC +1, large, see invisible, deformed body, poison resistance, slowness 2,
spit poison 1, naga tail 1, clumsy 1
a: Spit Poison


You were on level 2 of the Dungeon.
You visited 1 branch of the dungeon, and saw 2 of its levels.

You collected 34 gold pieces.

Inventory:

Hand Weapons
 a - a +0 dagger (weapon)
Armour
 b - a +0 robe (worn)
 c - a +0 hat (worn)
Scrolls
 f - a scroll of vulnerability {unknown}
 g - a scroll of identify {unknown}
 h - a scroll of holy word {unknown}
Potions
 d - a potion of mutation
 e - a potion of haste {unknown}


   Skills:
 + Level 1.9 Dodging
 + Level 3.3 Stealth
 + Level 4.1 Spellcasting
 + Level 1.3 Conjurations
 - Level 1.0 Summonings
 + Level 1.0 Translocations


You had one spell level left.
You knew the following spells:

 Your Spells              Type           Power      Damage    Failure   Level
a - Magic Dart            Conj           28%        1d4       11%         1
b - Mephitic Cloud        Conj/Pois/Air  4%         N/A       41%         3
c - Conjure Flame         Conj/Fire      5%         6-21      38%         3
d - Blink                 Tloc           N/A        N/A       19%         2

Your spell library contained the following spells:

 Spells                   Type           Power      Damage    Failure   Level
 Searing Ray              Conj           14%        2d5       16%         2
 Call Imp                 Summ           6%         N/A       19%         2
 Slow                     Hex            3%         N/A       26%         2
 Fulminant Prism          Conj/Hex       2%         3d6       80%         4


Dungeon Overview and Level Annotations

Branches:
Dungeon (2/15)

Altars:


Innate Abilities, Weirdness & Mutations

Your serpentine skin is tough. (AC +1)
You have supernaturally acute eyesight. (SInv)
Armour fits poorly on your strangely shaped body.
Your system is resistant to poisons. (rPois)
You cover ground very slowly.
You can spit poison.
You have a snake-like lower body.
You are clumsy. (Dex -2)


Message History

The gnoll is engulfed in noxious fumes.
The gnoll appears confused.
You hit the gnoll.
The gnoll is moderately wounded.
The gnoll closely misses you.
You hit the gnoll.
The gnoll is moderately wounded.
You have got your breath back.
The gnoll barely misses you.
You barely miss the gnoll.
The gnoll is moderately wounded.
The gnoll is engulfed in noxious fumes.
The gnoll appears confused.
The gnoll barely misses you.
You hit the gnoll but do no damage.
The gnoll is moderately wounded.
A gnoll comes into view. It is wielding a +0 halberd.
The gnoll hits you with a +0 halberd.
The gnoll hits you from afar with a +0 halberd.
The gnoll hits you from afar with a +0 halberd!
Casting: Mephitic Cloud (extremely dangerous; 41% risk of failure)
Confirm with . or Enter, or press ? or * to list all spells.
The spell is extremely dangerous to cast (41% risk of failure)!
Continue anyway?
Aiming: Mephitic Cloud (extremely dangerous; 41% risk of failure)
Press: ? - help, Shift-Dir - straight line, f/p - gnoll
Aim: a gnoll, wielding a +0 halberd (moderately wounded, confused, chance to affect: 91%)
You miscast Mephitic Cloud.
You are very lightly contaminated with residual magic.
You are caught in a violent explosion!
* * * LOW HITPOINT WARNING * * *
The gnoll closely misses you.
Unknown command.
Casting: Mephitic Cloud (extremely dangerous; 41% risk of failure)
Confirm with . or Enter, or press ? or * to list all spells.
Okay, then.
The gnoll closely misses the gnoll.
The gnoll hits you from afar with a +0 halberd.
* * * LOW HITPOINT WARNING * * *
It was a potion of mutation.
You feel extremely strange.
You feel clumsy.
The gnoll hits you from afar with a +0 halberd.
You die...

#################
#....g.@........
########g######.#..#.#########
..g............###............
########......## ##.....#####
#..####.###.#.#..# ########..#
#..#..#.#..# ...†......#
#.#.#.#.#>.# ########.##
#.###.#.#..# #.# #.# #.#.#..#


You could see 2 gnolls.

Vanquished Creatures
  Terence (D:2)
  A dart slug (D:1)
  2 ball pythons (D:1)
  3 endoplasms
  A giant cockroach (D:1)
  3 goblins (D:1)
  5 hobgoblins
  A quokka (D:2)
  4 bats (D:1)
  A frilled lizard (D:1)
  2 kobolds (D:1)
  2 rats (D:1)
26 creatures vanquished.

Vanquished Creatures (others)
  20 plants (D:2)
20 creatures vanquished.

Grand Total: 46 creatures vanquished

Notes
Turn   | Place    | Note
-------+----------+-------------------------------------------
     0 | D:1      | zazu2006 the Naga Hedge Wizard began the quest for the Orb.
     0 | D:1      | Reached XP level 1. HP: 15/15 MP: 4/4
   116 | D:1      | Reached XP level 2. HP: 19/22 MP: 1/6
  1006 | D:1      | Reached XP level 3. HP: 28/28 MP: 2/8
  1409 | D:2      | Noticed Terence
  1430 | D:2      | Killed Terence
  1431 | D:2      | Reached skill level 4 in Spellcasting
  1491 | D:2      | Learned a level 3 spell: Mephitic Cloud
  1495 | D:2      | Learned a level 3 spell: Conjure Flame
  1498 | D:2      | Learned a level 2 spell: Blink
  1681 | D:2      | Gained mutation: You are clumsy. (Dex -2) [potion of
                  | mutation]
  1681 | D:2      | Slain by a gnoll

Illustrated notes

Levels and vault maps discovered:
D:1:      lightli_arrival_noodles, layout_basic, minmay_tall_x
D:2:      layout_loops_ring, serial_bayou_lagoon_a, grunt_ministairs_3,
          uniq_crazy_yiuf_cottage, uniq_terence, uniq_natasha

Skill      XL: |  1  2  3 |
---------------+----------+-----
Spellcasting   | 4 |  4.1
Dodging        | |  1.9
Stealth        | |  3.3
Conjurations   | |  1.3
Summonings     | |  1.0
Translocations | |  1.0

Action                   || total
-------------------------++-------
Melee: Dagger            ||     9
 Cast: Magic Dart        ||    49
       Mephitic Cloud    ||     1
 Abil: Spit Poison       ||    12
  Use: Potion            ||     3
Armor: Robe              ||     4
Dodge: Dodged            ||    14

Table legend: (Time is in decaauts)
 A = Elapsed time spent in this place.
 B = Non-inter-level travel time spent in this place.
 C = Inter-level travel time spent in this place.
 D = Time resting spent in this place.
 E = Time spent auto-exploring this place.
 F = Levels seen in this place.
 G = Mean time per level.
                   A        B        C        D        E       F      G
               +--------+--------+--------+--------+--------+-----+--------+
         Total |   2087 |   2010 |     77 |      4 |   1783 |   2 | 1043.5 |
       Dungeon |   2087 |   2010 |     77 |      4 |   1783 |   2 | 1043.5 |
               +--------+--------+--------+--------+--------+-----+--------+

Top non-repeatable levels by time:
     D:1: 1743 daAuts
     D:2: 344 daAuts
